 Dungeon Sprint DCSS version 0.27.0-65-ge2af304b15 (webtiles) character file.

Game seed: 261586639949551188

26138 ABBCCCDDDD the Severer (level 12, -3/130 HPs)
             Began as a Minotaur Berserker on Aug 18, 2021.
             Was the Champion of Trog.
             Succumbed to poison (dark miasma)
             ... in the Dungeon (Sprint III: "The Ten Rune Challenge").
             The game lasted 00:11:40 (4290 turns).

ABBCCCDDDD the Severer (Minotaur Berserker)         Turns: 4290, Time: 00:11:41

Health: -3/130     AC: 22    Str: 26    XL:     12   Next: 95%
Magic:  11/11      EV: 14    Int:  4    God:    Trog [******]
Gold:   2968       SH:  4    Dex: 11    Spells: 11/11 levels left

rFire    + . .     SeeInvis .   a - +6 broad axe
rCold    x . .     Faith    .   d - +0 buckler
rNeg     . . .     Spirit   .   p - +0 plate armour
rPois    .         Reflect  .   i - +2 hat {Stlth+}
rElec    .         Harm     .   b - +0 cloak
rCorr    .         Rampage  .   (no gloves)
Will     +....     NoTele   +   (no boots)
Stlth    ..........             (no amulet)
HPRegen  0.31/turn              y - ring "Owuvuc" {Fly Will+}
MPRegen  0.12/turn              r - ring of fire

@: lethally poisoned (-3 -> -22), flying, slowed, very slow
A: horns 2, retaliatory headbutt
a: Renounce Religion, Berserk, Trog's Hand, Brothers in Arms


You were in the Dungeon.
You worshipped Trog.
Trog was exalted by your worship.
You visited 1 branch You collected 3304 gold pieces.
You spent 336 gold pieces at shops.

Inventory:

Hand Weapons
 a - a +6 broad axe (weapon)
 A - a +8 antimagic war axe
Missiles
 F - 7 curare-tipped darts (quivered)
Armour
 b - a +0 cloak (worn)
 d - a +0 buckler (worn)
 i - a +2 hat of stealth (worn)
 p - a +0 plate armour (worn)
 E - a +1 scale mail of cold resistance
Jewellery
 r - a ring of fire (right hand)
 x - a ring of ice
 y - the ring "Owuvuc" (left hand) {Fly Will+}
   (You took it off a deep elf annihilator in the Dungeon)

   [ring of flight]

   Fly:       It grants you flight.
   Will:      It increases your willpower.
Wands
 e - a wand of paralysis (6)
 q - a wand of iceblast (7)
Scrolls
 j - 2 scrolls of holy word {unknown}
 k - a scroll of immolation {unknown}
 n - a scroll of identify {unknown}
 v - 2 scrolls of enchant armour {unknown}
 w - a scroll of vulnerability {unknown}
 z - a scroll of amnesia {unknown}
Potions
 f - 2 potions of magic
 g - 2 potions of berserk rage
 l - 2 potions of flight {unknown}
 m - 6 potions of mutation
 o - a potion of might
 t - 2 potions of lignification {unknown}
 u - a potion of brilliance {unknown}
 B - a potion of attraction {unknown}
 C - a potion of heal wounds
 D - a potion of ambrosia {unknown}
Miscellaneous
 s - a phantom mirror


   Skills:
 + Level 19.2 Fighting
 + Level 19.2 Axes
 + Level 19.1 Armour
 + Level 17.7 Dodging
 - Level 4.0 Shields
 - Level 5.0 Evocations


You had 11 spell levels left.
You didn't know any spells.
Your spell library was empty.

Dungeon Overview and Level Annotations

Branches:
Dungeon (1/1)

Altars:
Cheibriados
Dithmenos
Elyvilon
Fedhas
Gozag
Hepliaklqana
Kikubaaqudgha
Makhleb
Nemelex Xobeh
Okawaru
Qazlal
Ru
Sif Muna
Trog
Uskayaw
Vehumet
Wu Jian
Xom
Yredelemnul
Zin
The Shining One
Beogh
Jiyva
Lugonu

Shops:
D (!:*


Innate Abilities, Weirdness & Mutations

You have a pair of horns on your head.
You reflexively headbutt those who attack you in melee.


Message History

a +0 trident; a +0 ring mail You reach down and open the door.
There is an open door here.
You reach down and open the door.
You are engulfed in dark miasma.
You are poisoned.
You feel very sick.
There is an open door here.
You are engulfed in dark miasma.
You are more poisoned.
You feel yourself slow down.
You feel very sick.
You are engulfed in dark miasma.
You are more poisoned.
You feel extremely sick.
You are engulfed in dark miasma.
You are more poisoned.
You feel extremely sick.
You are engulfed in dark miasma.
You are lethally poisoned!
You feel as though you will be slow longer.
* * * LOW HITPOINT WARNING * * *
You feel extremely sick.
You feel better.
You are engulfed in dark miasma.
You are poisoned.
* * * LOW HITPOINT WARNING * * *
You feel very sick.
Blink to where?
Press: ? - help, Dir - move target
As you read the scroll of blinking, it crumbles to dust.
You are engulfed in dark miasma.
You are lethally poisoned!
* * * LOW HITPOINT WARNING * * *
x2 You feel extremely sick.
You feel better.
You are engulfed in dark miasma.
You are lethally poisoned!
You feel as though you will be slow longer.
* * * LOW HITPOINT WARNING * * *
x2 You feel extremely sick.
You die...

♣♣♣##'########
♣♣♣♣♣♣♣♣♣♣♣
#)).'.≈≈≈≈#
.##≈≈≈≈≈D..
#...#.§§≈≈#
#.#≈≈≈≈≈...
#...#.#§§≈#
†##+≈≈≈≈D#
#####.# ≈§§#
.).#≈≈..○.○
#..)))# §§≈
#..#;..+###
#○°.☼.#
####...#
#☼☼°°P#+###
...#
#☼@°○P#○..#
####
#§#####○☼§#
#°°§○°°○°☼+
#°#########
#○# #§# #○#
#§# #§#


There were no monsters in sight!

Levels and vault maps discovered:
D:        dungeon_sprint_mu [sprint_mu_entry_forest, sprint_mu_temple_rooms,
          sprint_mu_d1_spiders, sprint_mu_d2_genie, sprint_mu_d3_branching,
          sprint_mu_orc_legion, sprint_mu_elf_gauntlet, sprint_mu_hive_nellie,
          sprint_mu_lair_fedhas, sprint_mu_vaults_butterflies,
          sprint_mu_slime_circle, sprint_mu_swamp_cave, sprint_mu_shoals_kraken,
          sprint_mu_blade_basic, sprint_mu_crypt_fortress,
          sprint_mu_tomb_spiral, sprint_mu_vestibule_basic,
          sprint_mu_gehenna_hellfire, sprint_mu_dis_giant,
          sprint_mu_tartarus_statrot, sprint_mu_cocytus_islands, sprint_mu_zot1]

Notes
Turn   | Place    | Note
-------+----------+-------------------------------------------
     0 | D        | ABBCCCDDDD the Minotaur Berserker began the quest for the
                  | Orb.
     0 | D        | Reached XP level 1. HP: 19/19 MP: 0/0
    10 | D        | Noticed Jessica
    12 | D        | Killed Jessica
    12 | D        | Reached ** piety under Trog
    13 | D        | Reached skill level 5 in Fighting
    13 | D        | Reached skill level 5 in Axes
    13 | D        | Reached XP level 2. HP: 29/29 MP: 1/1
    86 | D        | Reached XP level 3. HP: 36/36 MP: 2/2
   142 | D        | Noticed Crazy Yiuf
   150 | D        | Killed Crazy Yiuf
   150 | D        | Reached *** piety under Trog
   151 | D        | Reached skill level 5 in Armour
   151 | D        | Reached XP level 4. HP: 37/44 MP: 3/3
   303 | D        | Noticed a water elemental
   306 | D        | Killed a water elemental
   307 | D        | Reached skill level 5 in Dodging
   352 | D        | Found a radiant altar of Vehumet.
   352 | D        | Found a shimmering blue altar of Sif Muna.
   352 | D        | Found an ancient bone altar of Kikubaaqudgha.
   352 | D        | Noticed a wizard
   355 | D        | Noticed a red devil
   357 | D        | Reached XP level 5. HP: 52/52 MP: 4/4
   361 | D        | Reached **** piety under Trog
   425 | D        | Found a hide-covered altar of Uskayaw.
   425 | D        | Found an iron altar of Okawaru.
   425 | D        | Found a bloodstained altar of Trog.
   425 | D        | Found an ornate altar of the Wu Jian Council.
   425 | D        | Noticed a human
   425 | D        | Noticed a human
   430 | D        | Killed a human
   431 | D        | Reached XP level 6. HP: 62/62 MP: 5/5
   434 | D        | Killed a human
   483 | D        | Found a basalt altar of Yredelemnul.
   483 | D        | Found a shadowy altar of Dithmenos.
   483 | D        | Found a sacrificial altar of Ru.
   490 | D        | Reached XP level 7. HP: 61/71 MP: 6/6
   492 | D        | Reached ***** piety under Trog
   547 | D        | Noticed a shadow
   551 | D        | Received a gift from Trog
   552 | D        | Reached skill level 10 in Fighting
   552 | D        | Killed a shadow
   553 | D        | Reached skill level 10 in Axes
   553 | D        | Reached skill level 10 in Armour
   595 | D        | Found a blossoming altar of Fedhas.
   595 | D        | Found a stormy altar of Qazlal.
   596 | D        | Found a snail-covered altar of Cheibriados.
   596 | D        | Found a burning altar of Makhleb.
   596 | D        | Found a hazy altar of Hepliaklqana.
   596 | D        | Found a shimmering altar of Xom.
   596 | D        | Found an opulent altar of Gozag.
   596 | D        | Found a sparkling altar of Nemelex Xobeh.
   596 | D        | Found a corrupted altar of Lugonu.
   596 | D        | Found a viscous altar of Jiyva.
   596 | D        | Noticed a spatial vortex
   601 | D        | Killed a spatial vortex
   674 | D        | Reached XP level 8. HP: 82/82 MP: 7/7
   675 | D        | Reached skill level 10 in Dodging
   723 | D        | Found a glowing silver altar of Zin.
   723 | D        | Found a glowing golden altar of the Shining One.
   723 | D        | Found a white marble altar of Elyvilon.
   723 | D        | Noticed a deep elf pyromancer
   734 | D        | Killed a deep elf pyromancer
   788 | D        | Noticed a two-headed ogre
   794 | D        | Killed a two-headed ogre
   826 | D        | Noticed a two-headed ogre
   826 | D        | Noticed Erolcha
   831 | D        | Killed Erolcha
   831 | D        | Received a gift from Trog
   831 | D        | Found the +8 demon trident "Rift" {distort, reach+}
   832 | D        | Reached XP level 9. HP: 92/92 MP: 8/8
   834 | D        | Killed a two-headed ogre
  1014 | D        | Found Ilausy's Assorted Antiques.
  1024 | D        | Received a gift from Trog
  1033 | D        | Reached ****** piety under Trog
  1036 | D        | Received a gift from Trog
  1130 | D        | Bought a scroll labelled XEPTEOLE PYMO for 21 gold pieces
  1130 | D        | Bought a potion of heal wounds for 105 gold pieces
  1130 | D        | Bought a scroll labelled NAW BOTHURIHOC for 21 gold pieces
  1130 | D        | Bought a potion of curing for 63 gold pieces
  1130 | D        | Bought a notched brass ring for 105 gold pieces
  1130 | D        | Bought a scroll labelled XEPTEOLE PYMO for 21 gold pieces
  1149 | D        | Noticed a deep elf zephyrmancer
  1149 | D        | Noticed a deep elf knight
  1149 | D        | Noticed a deep elf knight
  1149 | D        | Noticed a deep elf knight
  1149 | D        | Noticed a deep elf pyromancer
  1158 | D        | Killed a deep elf pyromancer
  1159 | D        | Reached skill level 1 in Evocations
  1163 | D        | Killed a deep elf knight
  1163 | D        | Received a gift from Trog
  1164 | D        | Reached XP level 10. HP: 90/103 MP: 9/9
  1173 | D        | Killed a deep elf knight
  1175 | D        | Killed a deep elf zephyrmancer
  1176 | D        | HP: 4/104 [something (7)]
  1183 | D        | Killed a deep elf knight
  1183 | D        | Received a gift from Trog
  1228 | D        | Identified the ring "Owuvuc" {Fly Will+}
  1228 | D        | Noticed a deep elf annihilator
  1251 | D        | Killed a deep elf annihilator
  1252 | D        | Reached skill level 15 in Fighting
  1252 | D        | Reached skill level 15 in Axes
  1252 | D        | Reached skill level 5 in Evocations
  1371 | D        | Identified the ring of Midnight {rF++ AC+4 Str+6 Dex+2}
  1371 | D        | Noticed a deep elf high priest
  1377 | D        | Noticed a deep elf annihilator
  1551 | D        | Noticed a deep elf pyromancer
  1602 | D        | Reached skill level 1 in Shields
  1609 | D        | Reached skill level 15 in Armour
  1760 | D        | Noticed a cane toad
  1760 | D        | Noticed a cane toad
  1764 | D        | Killed a cane toad
  1764 | D        | Received a gift from Trog
  1768 | D        | Killed a cane toad
  1769 | D        | Reached XP level 11. HP: 112/112 MP: 10/10
  2024 | D        | Received a gift from Trog
  2210 | D        | Noticed a dire elephant
  2210 | D        | Noticed a dire elephant
  2217 | D        | Noticed Rupert
  2235 | D        | Killed Rupert
  2236 | D        | Reached skill level 15 in Dodging
  2385 | D        | Noticed Gastronok
  2402 | D        | Killed Gastronok
  2409 | D        | Killed a dire elephant
  2414 | D        | Killed a dire elephant
  2418 | D        | Received a gift from Trog
  2425 | D        | Reached XP level 12. HP: 91/125 MP: 11/11
  2515 | D        | Noticed an azure jelly
  2515 | D        | Noticed an azure jelly
  2515 | D        | Noticed an azure jelly
  2516 | D        | Noticed an azure jelly
  2533 | D        | Noticed a death yak
  2534 | D        | Noticed a death yak
  2534 | D        | Noticed a death yak
  2539 | D        | Noticed a death yak
  2541 | D        | Killed a death yak
  2546 | D        | Killed a death yak
  2554 | D        | Killed a death yak
  2560 | D        | Killed a death yak
  2565 | D        | Received a gift from Trog
  2891 | D        | Received a gift from Trog
  3036 | D        | Found Orraor's Antique Weapon Shoppe.
  3036 | D        | Found Vaton's Distillery.
  3036 | D        | Found Qazecy's Book Emporium.
  3568 | D        | Received a gift from Trog
  3685 | D        | Noticed Urug
  3690 | D        | Killed Urug
  3750 | D        | Noticed an eight-headed hydra
  3750 | D        | Noticed a five-headed hydra
  3809 | D        | Identified the +5 hand axe of Luxury {vorpal, rC+} (Trog
                  | gifted it to you in the Dungeon)
  3809 | D        | Received a gift from Trog
  3824 | D        | Received a gift from Trog
  3841 | D        | Received a gift from Trog
  3849 | D        | Identified the +9 battleaxe of Niderhux {vorpal, Contam
                  | rPois Str+5 Stlth+} (Trog gifted it to you in the Dungeon)
  3849 | D        | Received a gift from Trog
  3905 | D        | Killed an eight-headed hydra
  4012 | D        | Noticed Duvessa
  4012 | D        | Noticed Dowan
  4018 | D        | Killed Dowan
  4023 | D        | Killed Duvessa
  4061 | D        | Killed a five-headed hydra
  4289 | D        | HP: 3/130 [poison (dark miasma)]
  4290 | D        | Succumbed to poison (dark miasma)

Table legend: (Time is in decaauts)
 A = Elapsed time spent in this place.
 B = Non-inter-level travel time spent in this place.
 C = Inter-level travel time spent in this place.
 D = Time resting spent in this place.
 E = Time spent auto-exploring this place.
 F = Levels seen in this place.
 G = Mean time per level.
                   A        B        C        D        E       F      G
               +--------+--------+--------+--------+--------+-----+--------+
         Total |   4513 |   4470 |     43 |   3288 |      0 |   1 | 4513.0 |
       Dungeon |   4513 |   4470 |     43 |   3288 |      0 |   1 | 4513.0 |
               +--------+--------+--------+--------+--------+-----+--------+

Top non-repeatable levels by time:
       D: 4513 daAuts

Table legend:
 A = Kills in this place as a percentage of kills in entire the game.
 B = Kills by you in this place as a percentage of kills by you in the entire game.
 C = Kills by friends in this place as a percentage of kills by friends in the entire game.
 D = Other kills in this place as a percentage of other kills in the entire game.
 E = Experience gained in this place as a percentage of experience gained in the entire game.
 F = Experience gained in this place divided by the number of levels of this place that you have seen.
                   A       B       C       D       E      F
               +-------+-------+-------+-------+-------+----------------------
         Total | 100.0 | 100.0 |   N/A |   N/A | 100.0 | 37341.0
       Dungeon | 100.0 | 100.0 |   N/A |   N/A | 100.0 | 37341.0
               +-------+-------+-------+-------+-------+----------------------

Action                   |  1- 3 |  4- 6 |  7- 9 | 10-12 || total
-------------------------+-------+-------+-------+-------++-------
Melee: Hand axe          |    13 |    20 |     6 |       ||    39
       Headbutt          |     4 |     3 |    12 |    65 ||    84
       Battleaxe         |       |       |    57 |    21 ||    78
       Broad axe         |       |       |       |   269 ||   269
Invok: Berserk           |     3 |     4 |     8 |    19 ||    34
       Trog's Hand       |       |     1 |     4 |     3 ||     8
  Use: Potion            |       |       |       |     7 ||     7
       Scroll            |       |       |       |     1 ||     1
Armor: Animal skin       |     1 |       |       |       ||     1
       Robe              |       |     3 |       |       ||     3
       Plate armour      |       |     3 |    10 |    72 ||    85
Dodge: Dodged            |     6 |     2 |    22 |   108 ||   138
Block: Buckler           |       |       |       |    24 ||    24

Vanquished Creatures
  Rupert (D)
  Gastronok (D)
  Dowan (D)
  A deep elf annihilator (D)
  2 dire elephants (D)
  Erolcha (D)
  4 death yaks (D)
  Urug (D)
  2 death drakes (D)
  3 deep elf knights (D)
  2 deep elf pyromancers (D)
  A deep elf zephyrmancer (D)
  A lindwurm (D)
  2 elephants (D)
  2 black mambas (D)
  Duvessa (D)
  2 cane toads (D)
  A komodo dragon (D)
  A rime drake (D)
  A queen bee (D)
  3 wandering mushrooms (D)
  2 tyrant leeches (D)
  3 orc high priests (D)
  8 blink frogs (D)
  5 redbacks (D)
  A shadow (D)
  A spatial vortex (D)
  A swamp drake (D)
  3 orc warriors (D)
  A necrophage (D)
  5 swamp dragon skeletons (D)
  5 two-headed ogres (D)
  A water elemental (D)
  32 killer bees (D)
  Crazy Yiuf (D)
  A jelly (D)
  4 orc priests (D)
  A wizard (D)
  Jessica (D)
  An orc wizard (D)
  A necromancer (D)
  3 humans (D)
  A kobold demonologist (D)
  11 orcs (D)
  3 rats (D)
130 creatures vanquished.

Vanquished Creatures (others)
  2 hydras (D)
  An electric eel (D)
  17 plants (D)
20 creatures vanquished.

Grand Total: 150 creatures vanquished
